 Seeded DCSS version 0.30.1-4-g462c640d31 (webtiles) character file.

Game seed: 6351066067085065685 (custom seed)

3637 Esekla the Thaumaturge (level 9, -2/45 HPs)
             Began as a Deep Elf Necromancer on Aug 22, 2023.
             Was an Elder of Vehumet.
             Slain by a two-headed ogre
             ... wielding a +0 giant club
              (21 damage)
             ... on level 8 of the Dungeon.
             The game lasted 00:45:07 (6896 turns).

Esekla the Thaumaturge (Deep Elf Necromancer)       Turns: 6896, Time: 00:45:07

Health: -2/45      AC:  8    Str:  5      XL:     9   Next: 87%
Magic:  24/25      EV: 13    Int: 25      God:    Vehumet [****..]
Gold:   454        SH:  4    Dex: 14 (15) Spells: 11/28 levels left

rFire   . . .        a - +4 scimitar
rCold   . . .        H - +0 buckler
rNeg    . . .        L - +0 steam dragon scales
rPois   .            i - +0 helmet
rElec   .            G - +0 cloak
rCorr   .            k - +0 pair of gloves
SInv    .            (no boots)
Will    .....        B - amulet of magic regeneration
Stlth   +++          (no ring)
HPRegen 0.27/turn    (no ring)
MPRegen 0.59/turn

%: no passive effects
@: no status effects
A: no striking features
a: Renounce Religion


You were on level 8 of the Dungeon.
You worshipped Vehumet.
Vehumet was greatly pleased with you.
You visited 1 branch of the dungeon, and saw 8 of its levels.

You collected 454 gold pieces.

Inventory:

Hand Weapons
 a - a +4 scimitar (weapon)
 r - a +4 trident of venom
 s - the +5 rapier of the Hero {heavy, rN+ Dex+3}
   (You found it on level 3 of the Dungeon)

   Dex:       It affects your dexterity (+3).
   rN:        It protects you from negative energy.
Missiles
 w - 29 poisoned darts (quivered)
 I - 4 curare-tipped darts
Armour
 i - a +0 helmet (worn)
 k - a +0 pair of gloves (worn)
 G - a +0 cloak (worn)
 H - a +0 buckler (worn)
 L - +0 steam dragon scales (worn)
Jewellery
 B - an amulet of magic regeneration (around neck)
Wands
 D - a wand of flame (8)
 E - a wand of roots (14)
 K - a wand of mindburst (7)
Scrolls
 c - 3 scrolls of noise {unknown}
 e - 3 scrolls of fear
 m - a scroll of enchant armour {unknown}
 n - 2 scrolls of amnesia
 p - 5 scrolls of blinking {unknown}
 q - 2 scrolls of fog
 x - 3 scrolls of enchant weapon
 y - a scroll of silence {unknown}
 z - a scroll of summoning {unknown}
 A - a scroll of magic mapping {unknown}
 F - 2 scrolls of teleportation
 J - 2 scrolls of poison
 M - a scroll of torment {unknown}
Potions
 b - a potion of magic
 d - 3 potions of ambrosia {unknown}
 g - 2 potions of haste
 h - a potion of mutation {unknown}
 j - 5 potions of curing
 l - 5 potions of attraction
 t - 2 potions of heal wounds
 v - 3 potions of brilliance
 C - a potion of lignification {unknown}


   Skills:
 + Level 2.8 Short Blades
 + Level 0.4(1.6) Long Blades
 + Level 1.2 Throwing
 * Level 6.1 Dodging
 + Level 4.3 Stealth
 * Level 1.5 Shields
 * Level 10.4 Spellcasting
 * Level 4.7 Conjurations
 * Level 9.5 Necromancy
 * Level 3.6 Translocations
 * Level 0.1 Ice Magic
 * Level 2.4 Air Magic
 * Level 2.4 Poison Magic
 + Level 0.3 Evocations


You had 11 spell levels left.
You knew the following spells:

 Your Spells              Type           Power      Damage    Failure   Level
a - Necrotise             Necr           100%       1d9       1%          1
b - Magic Dart            Conj           100%       1d8       1%          1
d - Vampiric Draining     Necr           57%        2d10      1%          3
e - Static Discharge      Conj/Air       62%        2-5/arc   1%          2
t - Teleport Other        Tloc           31%        N/A       6%          3
v - Poisonous Vapours     Pois/Air       50%        N/A       1%          2
z - Freezing Cloud        Conj/Ice/Air   12%        6-21      22%         5

Your spell library contained the following spells:

 Spells                   Type           Power      Damage    Failure   Level
 Animate Dead             Necr           57%        N/A       1%          4
 Lesser Beckoning         Tloc           62%        N/A       3%          2
 Agony                    Necr           57%        N/A       4%          5
 Gell's Gravitas          Tloc           31%        N/A       6%          3
 Spider Form              Tmut/Pois      19%        N/A       16%         3
 Cause Fear               Hex            6%         N/A       63%         4
 Summon Mana Viper        Hex/Summ       13%        N/A       93%         5


Dungeon Overview and Level Annotations

Branches:
Dungeon (8/15)             Temple (0/1) D:6
   Lair: D:8-11

Altars:
Dithmenos
Fedhas
Hepliaklqana
Okawaru
Qazlal
Trog
Vehumet
Zin
The Shining One

Shops:
D:2 =   D:4 (


Message History

The two-headed ogre looks as sick as possible!
A gnoll comes into view. It is wielding a +0 halberd.
The gnoll shouts!
The gnoll hits you with a +0 halberd.
You hit the gnoll.
The gnoll is moderately wounded.
A gnoll sergeant comes into view. It is wielding a +2 rapier of venom.
The gnoll hits you with a +0 halberd.
Casting: Poisonous Vapours (safe; 1% risk of failure)
Confirm with . or Enter, or press ? or * to list all spells.
Aiming: Vampiric Draining (safe; 1% risk of failure)
Press: ? - help, Shift-Dir - straight line, f - gnoll, p - two-headed ogre
Aim: a gnoll, wielding a +0 halberd (moderately wounded)
You draw life force from the gnoll!
You kill the gnoll!
Vehumet accepts your kill.
You feel your power returning.
You feel life coursing into your body.
The gnoll sergeant shouts!
Casting: Vampiric Draining (safe; 1% risk of failure)
Confirm with . or Enter, or press ? or * to list all spells.
Aiming: Poisonous Vapours (safe; 1% risk of failure)
Press: ? - help, Dir - move target, f - two-headed ogre
Aim: a two-headed ogre, wielding two +0 giant clubs (heavily wounded, very poisoned) Poisonous vapours surround the two-headed ogre!
The two-headed ogre looks as sick as possible!
A gnoll comes into view. It is wielding a +0 flail of pain.
The gnoll moves out of view.
Casting: Poisonous Vapours (safe; 1% risk of failure)
Confirm with . or Enter, or press ? or * to list all spells.
Aiming: Poisonous Vapours (safe; 1% risk of failure)
Press: ? - help, Dir - move target, f/p - two-headed ogre
Aim: a two-headed ogre, wielding two +0 giant clubs (severely wounded, very poisoned) Poisonous vapours surround the two-headed ogre!
The two-headed ogre looks as sick as possible!
You slash the two-headed ogre!
The two-headed ogre is almost dead.
The two-headed ogre hits you with a +0 giant club!!
Ouch! That really hurt!
The two-headed ogre hits you with a +0 giant club!!
You die...

######## ###### #......#
#....# #......# #.##.#####
#......# ###.##......
#......# #...########
#......#####.###### #
+................># #
#......##########.# #
#.....@.........#.# #
#####O#########.#.## #
##...#####........# #
###..).....#........# # #...
.♣..♣..)###..........#
...###.......#.#..........#
..............#..........###
..##♣P♣......#....###.....#
####.#
###.................#.##


You could see a two-headed ogre (extremely poisoned).

Vanquished Creatures
  Pikel (D:6)
  Joseph (D:7)
  A steam dragon (D:8)
  A wyvern (D:7)
  Menkaure (D:7)
  An ice beast (D:6)
  A sky beast (D:6)
  2 black bears
  2 ogres
  A centaur (D:7)
  A phantom (D:7)
  Blork the orc (D:6)
  2 kobold brigands
  A gnoll sergeant (D:7)
  A bullfrog (D:7)
  2 scorpions (D:5)
  2 wights (D:7)
  2 quasits
  2 gnoll boudas
  6 hounds
  A jelly (D:6)
  Crazy Yiuf (D:7)
  2 orc priests
  A sleepcap (D:5)
  5 iguanas
  5 orc wizards
  19 gnolls
  9 adders
  2 shadow imps
  6 white imps
  4 ufetubi
  A worm (D:3)
  3 dart slugs
  31 orcs
  4 endoplasms
  8 goblins
  5 hobgoblins
  A quokka (D:1)
  5 ball pythons
  4 bats
  4 frilled lizards
  14 kobolds
  A rat (D:2)
168 creatures vanquished.

Notes
Turn   | Place    | Note
-------+----------+-------------------------------------------
     0 | D:1      | Esekla the Deep Elf Necromancer began the quest for the
                  | Orb.
     0 | D:1      | Reached XP level 1. HP: 10/10 MP: 6/6
   308 | D:4      | Found a glowing silver altar of Zin.
   319 | D:4      | Found an iron altar of Okawaru.
   330 | D:4      | Found a radiant altar of Vehumet.
   334 | D:4      | Became a worshipper of Vehumet
   411 | D:3      | Reached skill level 5 in Necromancy
   568 | D:3      | Reached XP level 2. HP: 15/15 MP: 8/8
   816 | D:3      | Identified the +5 rapier of the Hero {heavy, rN+ Dex+3}
   831 | D:2      | Found Renulab's Jewellery Shop.
  1112 | D:1      | Reached XP level 3. HP: 19/19 MP: 9/9
  1139 | D:1      | Learned a level 3 spell: Vampiric Draining
  1256 | D:1      | Reached * piety under Vehumet
  1256 | D:1      | Offered knowledge of Magic Dart by Vehumet.
  1259 | D:1      | Learned a level 1 spell: Magic Dart
  1495 | D:2      | Reached XP level 4. HP: 9/24 MP: 7/11
  1564 | D:2      | Reached skill level 1 in Short Blades
  1666 | D:2      | Found a faded altar of an unknown god.
  1687 | D:2      | Noticed a black bear
  1709 | D:2      | Killed a black bear
  1710 | D:2      | Reached skill level 4 in Spellcasting
  1710 | D:2      | Reached skill level 1 in Conjurations
  1710 | D:2      | Reached XP level 5. HP: 25/28 MP: 4/13
  2262 | D:3      | Found a stormy altar of Qazlal.
  2291 | D:3      | Found a hazy altar of Hepliaklqana.
  2291 | D:3      | Found a bloodstained altar of Trog.
  2464 | D:4      | Found Ponaysk's Antique Weapon Boutique.
  2603 | D:4      | Found a glowing golden altar of the Shining One.
  2671 | D:3      | Reached XP level 6. HP: 31/32 MP: 11/15
  2771 | D:4      | Reached skill level 5 in Spellcasting
  2787 | D:4      | Reached ** piety under Vehumet
  3127 | D:4      | Offered knowledge of Static Discharge by Vehumet.
  3134 | D:4      | Learned a level 2 spell: Static Discharge
  3138 | D:4      | Learned a level 3 spell: Teleport Other
  3288 | D:5      | Entered Level 5 of the Dungeon
  3296 | D:5      | Got the Parchment of the Lumpy Olives
  3312 | D:5      | Found a shadowy altar of Dithmenos.
  3477 | D:5      | Reached XP level 7. HP: 35/36 MP: 5/17
  3536 | D:5      | Reached skill level 6 in Spellcasting
  3625 | D:5      | Reached skill level 1 in Translocations
  3650 | D:5      | Reached skill level 1 in Throwing
  3964 | D:5      | Reached skill level 7 in Spellcasting
  4260 | D:6      | Reached XP level 8. HP: 41/41 MP: 19/21
  4277 | D:6      | Found a staircase to the Ecumenical Temple.
  4422 | D:6      | Noticed Pikel
  4541 | D:6      | Noticed Blork the orc
  4556 | D:6      | Killed Blork the orc
  4611 | D:6      | Reached skill level 5 in Dodging
  4717 | D:7      | Found a runed translucent door.
  4718 | D:7      | Noticed Crazy Yiuf
  4728 | D:7      | Killed Crazy Yiuf
  4728 | D:7      | Offered knowledge of Poisonous Vapours by Vehumet.
  4738 | D:7      | Learned a level 2 spell: Poisonous Vapours
  5086 | D:6      | Killed Pikel
  5087 | D:6      | Reached skill level 8 in Spellcasting
  5087 | D:6      | Reached skill level 1 in Air Magic
  5087 | D:6      | Reached skill level 1 in Poison Magic
  5284 | D:6      | Reached *** piety under Vehumet
  5312 | D:6      | Found a blossoming altar of Fedhas.
  5322 | D:6      | Reached XP level 9. HP: 44/45 MP: 19/23
  5442 | D:7      | Reached skill level 9 in Spellcasting
  5541 | D:7      | Noticed Menkaure
  5988 | D:7      | Killed Menkaure
  6050 | D:7      | Noticed Joseph
  6115 | D:7      | Killed Joseph
  6116 | D:7      | Reached skill level 1 in Shields
  6190 | D:8      | Offered knowledge of Volatile Blastmotes by Vehumet.
  6191 | D:8      | Reached skill level 10 in Spellcasting
  6626 | D:8      | Reached **** piety under Vehumet
  6675 | D:8      | Offered knowledge of Freezing Cloud by Vehumet.
  6683 | D:8      | Learned a level 5 spell: Freezing Cloud
  6777 | D:8      | Noticed a two-headed ogre
  6896 | D:8      | Slain by a two-headed ogre

Illustrated notes

Levels and vault maps discovered:
D:1:      sevenhm_arrival_forest_fort_small_3, layout_rooms,
          chequers_serial_rivers_room_b, minmay_misc_feat_five
D:2:      layout_loops_ring, dreamdust_ecumenical_altar_angels_and_demons,
          serial_shops, shop
D:3:      layout_basic, grunt_temple_overflow_open, minmay_misc_feat_iff
D:4:      layout_basic, nicolae_overflow_quartered_altars, serial_shops,
          nicolae_diamond_shop
D:5:      layout_loops_ring, lemuel_doored_altar, minmay_misc_feat_rows,
          dreamdust_wishing_well
D:6:      layout_loops_cross, fedhas_altar_fruit_tree,
          minmay_temple_entry_glass, uniq_pikel, uniq_blork_the_orc
D:7:      layout_basic, uniq_menkaure, uniq_joseph, uniq_crazy_yiuf_cottage
D:8:      layout_basic, nicolae_uskayaw_dance_hall, serial_demonic,
          serial_demonic_d, serial_demonic_a, serial_demonic_c,
          serial_demonic_c, nicolae_diode_quadrants

Skill      XL: |  1  2  3  4  5  6  7  8  9 |
---------------+----------------------------+-----
Necromancy     | 5 6 7 8 9 |  9.5
Dodging        | 3 4 5 6 |  6.1
Stealth        | 3 4 |  4.3
Short Blades   | 1 2 |  2.8
Spellcasting   | 4 5 7 8 10 | 10.4
Conjurations   | 1 2 3 4 |  4.7
Translocations | 1 2 3 |  3.6
Throwing       | 1 |  1.2
Air Magic      | 1 2 |  2.4
Poison Magic   | 1 2 |  2.4
Shields        | 1 |  1.5
Long Blades    | |  0.4
Ice Magic      | |  0.1
Evocations     | |  0.3

Action                     |  1- 3 |  4- 6 |  7- 9 || total
---------------------------+-------+-------+-------++-------
  Melee: Short sword       |    39 |       |       ||    39
         Unarmed           |     9 |       |       ||     9
         Rapier            |    35 |     1 |     9 ||    45
         Punch             |     1 |     6 |     4 ||    11
         Dagger            |       |   123 |   110 ||   233
         Scimitar          |       |       |    65 ||    65
  Throw: Dart              |       |    16 |    25 ||    41
   Cast: Vampiric Draining |     4 |    39 |    84 ||   127
         Magic Dart        |       |     3 |     6 ||     9
         Necrotise         |       |       |     1 ||     1
         Teleport Other    |       |       |     9 ||     9
         Poisonous Vapours |       |       |    27 ||    27
  Evoke: Wand              |       |       |    15 ||    15
    Use: Scroll            |       |       |    10 ||    10
         Potion            |       |       |     2 ||     2
   Stab: Sleeping          |     4 |     3 |     8 ||    15
         Distracted        |       |       |     1 ||     1
 Armour: Robe              |    17 |    18 |    39 ||    74
         Steam dragon scal |       |       |     3 ||     3
  Dodge: Dodged            |    68 |    77 |   176 ||   321
  Block: Buckler           |       |       |     3 ||     3
